 Dungeon Crawl Stone Soup version 0.29.0-4-gdea44cf6ec (webtiles) character file.

Game seed: 15970618528454086523

525 qw the Grappler (level 7, -5/66 HPs)
             Began as a Troll Cinder Acolyte on Aug 30, 2022.
             Was an Elder of Ignis.
             Slain by an ogre
             ... wielding a +0 giant club
              (19 damage)
             ... on level 5 of the Dungeon.
             The game lasted 00:01:51 (3071 turns).

qw the Grappler (Troll Cinder Acolyte)              Turns: 3071, Time: 00:01:52

Health: -5/66      AC: 11    Str: 23    XL:     7   Next: 2%
Magic:  7/7        EV:  9    Int: 10    God:    Ignis [****..]
Gold:   216        SH:  0    Dex:  5    Spells: 8/8 levels left

rFire   + . .      SeeInvis .     - Unarmed
rCold   . . .      Faith    .   (no shield)
rNeg    . . .      Spirit   .   a - +0 robe
rPois   .          Reflect  .   (helmet restricted)
rElec   .          Harm     .   (no cloak)
rCorr   .          Rampage  .   (gloves unavailable)
Will    .....                   (boots unavailable)
Stlth   +.........              (no amulet)
HPRegen 1.01/turn               (no ring)
MPRegen 0.10/turn               (no ring)

@: lethally poisoned (-5 -> -9), fiery-armoured
A: large, unfitting armour, claws 3, regeneration 1, shaggy fur 1, tough skin 1,
weak 1
a: Renounce Religion, Fiery Armour, Foxfire Swarm, Rising Flame


You were on level 5 of the Dungeon.
You worshipped Ignis.
Ignis was greatly pleased with you.
You visited 1 branch of the dungeon, and saw 5 of its levels.

You collected 216 gold pieces.


Innate Abilities, Weirdness & Mutations

You are too large for most types of armour.
You have claws for hands.
Your natural rate of healing is unusually fast.
You are covered in fur. (AC +1)
You have tough skin. (AC +1)
You are weak. (Str -2)


   Skills:
 + Level 2.4 Fighting
 - Level 8.1 Unarmed Combat
 - Level 1.0 Spellcasting
 - Level 2.1 Fire Magic


You had 8 spell levels left.
You didn't know any spells.
Your spell library contained the following spells:

 Spells                   Type           Power      Damage    Failure   Level
 Scorch                   Fire           8%         2d5       22%         2

Inventory:

Armour
 a - a +0 robe (worn)
Scrolls
 i - 3 scrolls of enchant weapon
 k - a scroll of identify
Potions
 b - 2 potions of haste
 c - a potion of cancellation {unknown}
 d - a potion of curing
 e - a potion of might {unknown}
 g - a potion of heal wounds {unknown}
 h - a potion of degeneration {unknown}

Dungeon Overview and Level Annotations

Branches:
Dungeon (5/15)             Temple (0/1) D:4

Altars:
Uskayaw

Shops:
D:4 :


Message History

You are poisoned.
The scorpion poisons you!
You barely miss the scorpion.
The scorpion is almost dead.
You feel sick. The ogre barely misses you.
The scorpion stings you but does no damage.
You completely miss the scorpion.
The scorpion is almost dead.
You feel sick. The scorpion stings you.
3066 ||| Stepping ~*~*~tactically~*~*~ (outnumbered).
The ogre attacks as you move away! The ogre barely misses you.
You feel sick.
3067 ||| Stepping ~*~*~tactically~*~*~ (outnumbered).
The scorpion attacks as you move away! The scorpion barely misses you.
Found a scroll of summoning.
You feel sick.
3068 ||| Stepping ~*~*~tactically~*~*~ (outnumbered).
You feel sick. The scorpion barely misses you.
You barely miss the scorpion.
The scorpion is almost dead.
The ogre hits you with a +0 giant club!!
The adder closely misses you. The scorpion stings you.
You are more poisoned.
The scorpion poisons you!
3070 ||| INVOKING Fiery Armour.
A protective cloak of flame settles atop you.
You feel very sick. The adder bites you but does no damage.
The adder is burned by your cloak of flames.
The adder is severely wounded.
The scorpion stings you but does no damage.
The scorpion is burned by your cloak of flames.
You kill the scorpion!
Your Unarmed Combat skill increases to level 8!
You have reached level 7!
You scratch the adder.
You kill the adder!
You feel sick.
The ogre hits you with a +0 giant club!!
You die...

##.## ... ....##.
..... ##.......
......####........
...........)......
........##........
........$%......?.
....<....%@....#
.).......O..####
##..).....# .###
#..".....### ...#
##.........# #..
####.####.#
#######.. #.# .#
.....# #.#####.# .
.....###...##..#
...


You could see an ogre.

Vanquished Creatures
  3 scorpions
  A hound (D:4)
  A gnoll bouda (D:3)
  3 orc wizards (D:4)
  Terence (D:3)
  8 adders
  5 gnolls (D:3)
  3 dart slugs
  4 worms
  7 orcs
  4 ball pythons (D:1)
  2 endoplasms
  2 giant cockroaches
  7 goblins
  7 hobgoblins
  A jackal (D:2)
  8 kobolds
  A quokka (D:1)
  3 bats
  A frilled lizard (D:2)
  6 rats
78 creatures vanquished.

Vanquished Creatures (others)
  6 plants (D:3)
6 creatures vanquished.

Grand Total: 84 creatures vanquished

Notes
Turn   | Place    | Note
-------+----------+-------------------------------------------
     0 | D:1      | qw the Troll Cinder Acolyte began the quest for the Orb.
     0 | D:1      | Reached XP level 1. HP: 22/22 MP: 1/1
     0 | D:1      | 0 ||| qw: Version: 0.1-a-95-gae9e614
     0 | D:1      | 0 ||| qw: Game counter: 4452
     0 | D:1      | 0 ||| qw: Always use a shield: true
     0 | D:1      | 0 ||| qw: God list: Okawaru
     0 | D:1      | 0 ||| qw: Allow faded altars: false
     0 | D:1      | 0 ||| qw: Do Orc after D:15 true
     0 | D:1      | 0 ||| qw: Do second Lair branch before Depths: true
     0 | D:1      | 0 ||| qw: Lair rune preference: random
     0 | D:1      | 0 ||| qw: Plans: Normal
     0 | D:1      | 0 ||| PLANNING D:1-11
    59 | D:1      | Reached XP level 2. HP: 29/29 MP: 2/2
   160 | D:1      | 160 ||| Stepping ~*~*~tactically~*~*~ (stealth).
   161 | D:1      | 161 ||| Stepping ~*~*~tactically~*~*~ (stealth).
   198 | D:1      | 198 ||| Stepping ~*~*~tactically~*~*~ (hiding).
   342 | D:1      | Reached skill level 4 in Unarmed Combat
   714 | D:1      | 714 ||| READING scroll labelled JIFEABINNA.
   715 | D:1      | 715 ||| READING scroll labelled HOOBRA GAKA.
   716 | D:1      | 716 ||| READING scroll labelled XOOHEC MEENE.
   764 | D:2      | Reached XP level 3. HP: 36/36 MP: 3/3
   981 | D:2      | 981 ||| Stepping ~*~*~tactically~*~*~ (stealth).
   990 | D:2      | 990 ||| Stepping ~*~*~tactically~*~*~ (stealth).
  1625 | D:2      | 1625 ||| READING scroll labelled TOERUWNONAPP.
  1626 | D:2      | 1626 ||| READING 2 scrolls labelled ZULIUD EB YSM.
  1627 | D:2      | 1627 ||| READING 3 scrolls labelled BUCKEK VEOFAEHAST.
  1628 | D:2      | 1628 ||| DRINKING 2 red potions.
  1629 | D:2      | 1629 ||| DRINKING 2 emerald potions.
  1652 | D:2      | 1652 ||| DRINKING 2 coppery potions.
  1653 | D:2      | 1653 ||| DROPPING potion of lignification.
  1654 | D:2      | 1654 ||| DROPPING potion of attraction.
  1655 | D:2      | 1655 ||| DROPPING scroll of fear.
  1656 | D:2      | 1656 ||| DROPPING 2 scrolls of vulnerability.
  1702 | D:1      | 1702 ||| Stepping randomly (stuck).
  1778 | D:3      | 1778 ||| INVOKING Fiery Armour.
  1780 | D:3      | Noticed Terence
  1781 | D:3      | 1781 ||| Stepping ~*~*~tactically~*~*~ (outnumbered).
  1782 | D:3      | 1782 ||| Stepping ~*~*~tactically~*~*~ (outnumbered).
  1783 | D:3      | 1783 ||| Stepping ~*~*~tactically~*~*~ (outnumbered).
  1784 | D:3      | 1784 ||| Stepping ~*~*~tactically~*~*~ (outnumbered).
  1785 | D:3      | 1785 ||| Stepping ~*~*~tactically~*~*~ (outnumbered).
  1786 | D:3      | 1786 ||| Stepping ~*~*~tactically~*~*~ (outnumbered).
  1787 | D:3      | 1787 ||| Stepping ~*~*~tactically~*~*~ (outnumbered).
  1788 | D:3      | 1788 ||| Stepping ~*~*~tactically~*~*~ (outnumbered).
  1789 | D:3      | 1789 ||| Stepping ~*~*~tactically~*~*~ (outnumbered).
  1790 | D:3      | 1790 ||| Stepping ~*~*~tactically~*~*~ (outnumbered).
  1791 | D:3      | 1791 ||| Stepping ~*~*~tactically~*~*~ (outnumbered).
  1792 | D:3      | 1792 ||| Stepping ~*~*~tactically~*~*~ (outnumbered).
  1793 | D:3      | Reached skill level 5 in Unarmed Combat
  1793 | D:3      | Reached XP level 4. HP: 44/44 MP: 4/4
  1794 | D:3      | 1794 ||| FLEEEEING.
  1797 | D:3      | 1797 ||| Stepping ~*~*~tactically~*~*~ (outnumbered).
  1828 | D:3      | Reached XP level 5. HP: 42/50 MP: 5/5
  1966 | D:3      | Killed Terence
  1967 | D:3      | Reached skill level 6 in Unarmed Combat
  2085 | D:3      | Identified the +7 short sword of the Final Decision {flame,
                  | rC+ Will- Int+3 Dex+3}
  2164 | D:3      | Identified the +11 dagger "Dehecwa" {flame, rPois Int-5
                  | Dex+3 Stlth+}
  2247 | D:3      | Found a hide-covered altar of Uskayaw.
  2294 | D:3      | 2294 ||| DRINKING 2 white potions.
  2295 | D:3      | 2295 ||| DRINKING 3 yellow potions.
  2296 | D:3      | 2296 ||| DROPPING 2 potions of brilliance.
  2314 | D:4      | 2314 ||| Stepping ~*~*~tactically~*~*~ (outnumbered).
  2318 | D:4      | 2318 ||| Stepping ~*~*~tactically~*~*~ (outnumbered).
  2319 | D:4      | 2319 ||| Stepping ~*~*~tactically~*~*~ (outnumbered).
  2321 | D:4      | 2321 ||| Stepping ~*~*~tactically~*~*~ (outnumbered).
  2322 | D:4      | 2322 ||| Stepping ~*~*~tactically~*~*~ (outnumbered).
  2324 | D:4      | 2324 ||| Stepping ~*~*~tactically~*~*~ (outnumbered).
  2344 | D:4      | 2344 ||| FLEEEEING.
  2345 | D:4      | 2345 ||| FLEEEEING.
  2345 | D:4      | Found a staircase to the Ecumenical Temple.
  2346 | D:4      | 2346 ||| FLEEEEING.
  2347 | D:4      | 2347 ||| STAIRDANCE
  2369 | D:4      | Reached XP level 6. HP: 39/59 MP: 6/6
  2369 | D:4      | 2369 ||| STAIRDANCE
  2438 | D:4      | 2438 ||| Stepping ~*~*~tactically~*~*~ (outnumbered).
  2439 | D:4      | 2439 ||| Stepping ~*~*~tactically~*~*~ (outnumbered).
  2445 | D:4      | Reached skill level 7 in Unarmed Combat
  2445 | D:4      | 2445 ||| Stepping ~*~*~tactically~*~*~ (outnumbered).
  2448 | D:4      | 2448 ||| Stepping ~*~*~tactically~*~*~ (outnumbered).
  2449 | D:4      | 2449 ||| Stepping ~*~*~tactically~*~*~ (outnumbered).
  2450 | D:4      | 2450 ||| INVOKING Fiery Armour.
  2599 | D:4      | 2599 ||| Stepping ~*~*~tactically~*~*~ (hiding).
  2914 | D:4      | Found Liom Aro's Book Shoppe.
  3013 | D:4      | 3013 ||| READING 2 scrolls labelled OPHERGH WOKHLAST.
  3014 | D:4      | 3014 ||| READING scroll labelled KUGU RYADESM.
  3015 | D:4      | 3015 ||| DRINKING 2 purple potions.
  3015 | D:4      | Gained mutation: You are frail. (-10% HP) [potion of
                  | mutation]
  3015 | D:4      | Gained mutation: You possess an exceptional clarity of
                  | mind. [potion of mutation]
  3016 | D:4      | 3016 ||| DRINKING potion of mutation.
  3016 | D:4      | Lost mutation: You are frail. (-10% HP) [potion of
                  | mutation]
  3016 | D:4      | Lost mutation: You possess an exceptional clarity of mind.
                  | [potion of mutation]
  3016 | D:4      | Gained mutation: You are weak. (Str -2) [potion of
                  | mutation]
  3022 | D:4      | 3022 ||| DROPPING scroll of summoning.
  3034 | D:5      | Entered Level 5 of the Dungeon
  3066 | D:5      | 3066 ||| Stepping ~*~*~tactically~*~*~ (outnumbered).
  3067 | D:5      | 3067 ||| Stepping ~*~*~tactically~*~*~ (outnumbered).
  3068 | D:5      | 3068 ||| Stepping ~*~*~tactically~*~*~ (outnumbered).
  3070 | D:5      | 3070 ||| INVOKING Fiery Armour.
  3070 | D:5      | HP: 14/59 [poisoned by a scorpion]
  3071 | D:5      | Reached skill level 8 in Unarmed Combat
  3071 | D:5      | Reached XP level 7. HP: 16/66 MP: 7/7
  3071 | D:5      | Slain by an ogre

Levels and vault maps discovered:
D:1:      spicycebolla_arrival_ecumenical, layout_basic
D:2:      layout_basic, minmay_tetromino_o4
D:3:      layout_basic, eat_drink_and_be_merry_uskayaw, nicolae_grassy_gnolls,
          uniq_terence
D:4:      layout_cave_pools, minmay_temple_entry_trees, serial_shops,
          kennysheep_mini
D:5:      layout_rooms, gammafunk_ghost_gnarly_gnolls

Skill      XL: |  1  2  3  4  5  6 |
---------------+-------------------+-----
Unarmed Combat | 4 5 6 8 |  8.1
Fighting       | |  2.4
Spellcasting   | |  1.0
Fire Magic     | |  2.1

Action                   |  1- 3 |  4- 6 |  7- 9 || total
-------------------------+-------+-------+-------++-------
Melee: Unarmed           |    81 |   102 |     1 ||   184
       Punch             |       |     4 |       ||     4
Invok: Fiery Armour      |     1 |     2 |       ||     3
  Use: Scroll            |     6 |     2 |       ||     8
       Potion            |     3 |     4 |       ||     7
Armor: Robe              |    16 |    38 |       ||    54
Dodge: Dodged            |    24 |    48 |       ||    72

Table legend:
 A = Non-vault XP
 B = Vault XP
 C = Vault XP percentage of total XP
 D = Non-vault monster count
 E = Vault monster count
 F = Vault count percentage of total count
                 A         B        C        D         E       F
            +---------+---------+-------+---------+---------+-------
      Total |     604 |     159 |  20.8 |      68 |      10 |  12.8
            +---------+---------+-------+---------+---------+-------
        D:1 |      40 |       0 |   0.0 |      22 |       0 |   0.0
        D:2 |      39 |      17 |  30.4 |      11 |       3 |  21.4
        D:3 |      35 |     142 |  80.2 |      10 |       7 |  41.2
        D:4 |     394 |       0 |   0.0 |      22 |       0 |   0.0
        D:5 |      96 |       0 |   0.0 |       3 |       0 |   0.0
            +---------+---------+-------+---------+---------+-------
